 Dungeon Crawl Stone Soup version 0.28-b1-1-g3c77fb2ed1 (webtiles) character file.

Game seed: 10155838727786128389

912 croobank the Vexing (level 7, 0/78 HPs)
             Began as a Demigod Transmuter on Jan 30, 2022.
             Succumbed to a scorpion's poison
             ... in an ossuary.
             The game lasted 00:23:43 (5919 turns).

croobank the Vexing (Demigod Transmuter)            Turns: 5919, Time: 00:23:44

Health: 0/78       AC: 23    Str: 15 (17) XL:     7   Next: 52%
Magic:  15/15      EV:  2    Int: 17 (19) God:
Gold:   186        SH:  0    Dex: 12 (14) Spells: 2/12 levels left

rFire   . . .      SeeInvis +   a - +4 short sword
rCold   . . .      Faith    .   (no shield)
rNeg    . . .      Spirit   .   (armour currently unavailable)
rPois   +          Reflect  .   (helmet currently unavailable)
rElec   .          Harm     .   (cloak currently unavailable)
rCorr   .          Rampage  .   (gloves currently unavailable)
Will    .....      Clarity  +   (boots currently unavailable)
Stlth   ++........ NoTele   +   (no amulet)
HPRegen 0.23/turn               t - ring of poison resistance
MPRegen 0.14/turn               w - ring of see invisible

@: lethally poisoned (0 -> -2), tree-form
A: stationary, stasis, torment immunity, boosted hp, high mp 1, forlorn, divine
attributes, (iridescent scales 1), clarity, strong 1
a: no special abilities


You were in an ossuary.
You were a tree.
You visited 1 branch of the dungeon, and saw 6 of its levels.
You also visited: Ossuary.

You collected 186 gold pieces.

Inventory:

Hand Weapons
 a - a +4 short sword (weapon)
 b - a +0 hunting sling
Missiles
 c - 111 stones
 d - 84 arrows
 n - 31 sling bullets
 o - 2 poisoned darts
 q - 5 boomerangs
Armour
 f - a +0 robe (melded)
 h - a +0 chain mail
 j - a +0 scale mail
 l - a +2 pair of gloves (melded)
 m - a +0 ring mail
Jewellery
 k - a ring of resist corrosion
 t - a ring of poison resistance (left branch)
 w - a ring of see invisible (right branch)
Scrolls
 i - 2 scrolls of enchant armour
Potions
 e - a potion of lignification
 s - a potion of degeneration


   Skills:
 - Level 1.5 Fighting
 - Level 2.9 Short Blades
 - Level 0.2 Slings
 - Level 2.2 Dodging
 - Level 1.7 Stealth
 - Level 3.1 Unarmed Combat
 - Level 3.2 Spellcasting
 + Level 5.1 Hexes
 - Level 3.1 Transmutations
 - Level 0.4 Poison Magic


You had 2 spell levels left.
You knew the following spells:

 Your Spells              Type           Power      Damage    Failure   Level
a - Beastly Appendage     Tmut           26%        N/A       4%          1
b - Wereblood             Tmut           13%        N/A       7%          2
c - Spider Form           Tmut/Pois      8%         N/A       26%         3
d - Cause Fear            Hex            10%        N/A       22%         4

Your spell library contained the following spells:

 Spells                   Type           Power      Damage    Failure   Level
 Gell's Gravitas          Tloc           2%         N/A       45%         3
 Teleport Other           Tloc           2%         N/A       45%         3
 Ice Form                 Ice/Tmut       8%         N/A       65%         4
 Dispersal                Tloc           1%         N/A       100%        6
 Dragon Form              Tmut           6%         N/A       100%        7
 Dragon's Call            Summ           1%         N/A       100%        9


Dungeon Overview and Level Annotations

Branches:
Dungeon (6/15)            Ossuary (1/1)
 Temple: D:4-7

Annotations:
D:4 Eustachio


Innate Abilities, Weirdness & Mutations

You are a tree.
Your roots penetrate the ground, keeping you stationary.
You cannot be teleported.
You are immune to unholy pain and torment.
Your maximum health is greatly increased.
Your equipment is partially melded.
You have an increased reservoir of magic. (+10% MP)
You shall have no god before yourself.
Your divine heritage dramatically boosts your attributes as you level up.
((You are partially covered in iridescent scales. (AC +2)))
You possess an exceptional clarity of mind.
Your muscles are strong. (Str +2)


Message History

The scorpion stings you but does no damage. x3
As you read the scroll labelled QIMAUS URYF, it crumbles to dust.
You feel a strange sense of stasis.
It was a scroll of teleportation.
* * * LOW HITPOINT WARNING * * *
You feel sick.
The scorpion stings you but does no damage.
The scorpion completely misses you.
You feel extremely strange.
Your regeneration stops near monsters.
You feel clever.
* * * LOW HITPOINT WARNING * * *
You feel sick.
The scorpion stings you but does no damage. x2
Really quaff the potion of mutation?
You feel extremely strange.
You feel stupid.
You begin to regenerate regardless of the presence of monsters.
You feel your surroundings grow quieter.
Your connection to magic feels subdued.
Iridescent scales grow over part of your body.
You feel genetically stable.
* * * LOW HITPOINT WARNING * * *
You feel sick.
The scorpion stings you but does no damage. x3
Sorry, you're not good enough to have a special ability.
Unknown command.
You feel extremely strange.
You feel genetically unstable.
You feel your surroundings grow louder.
You feel stronger.
Your thoughts seem clearer.
Your magic regains its normal vibrancy.
* * * LOW HITPOINT WARNING * * *
You feel sick.
The scorpion stings you but does no damage. x2
You hit the scorpion but do no damage. You punch the scorpion.
The scorpion is heavily wounded.
* * * LOW HITPOINT WARNING * * *
You feel sick. The scorpion barely misses you.
The scorpion stings you but does no damage. x2
You closely miss the scorpion. Your punch misses the scorpion.
The scorpion is heavily wounded.
You die...

#.....#.....#...'..Z8...#
#.....8.....#...#.......#
#...........##Z###8Z..8##
#...........#...# Z.....#
###8.....8###...# .Z8...#
#...........#...# ..#...#
#........§§§##'#######'##
#.....8..§§s#Z..#..?# ..
#.....#..§§♣sZZ.#M.?+
#.....#..§§§#Z..#..!#
#####################


You could see 2 scorpions, a gnoll zombie, a kobold zombie and a centaur zombie.

Vanquished Creatures
  A black bear (D:5)
  Blork the orc (D:5)
  5 scorpions
  3 centaur zombies
  5 human zombies (Ossuary)
  A hound skeleton (D:4)
  A mummy (Ossuary)
  8 gnolls
  3 adders (D:2)
  An adder zombie (D:5)
  A worm (D:3)
  2 dart slugs
  12 orcs
  3 ball pythons
  5 bats
  2 endoplasms (D:1)
  2 giant cockroaches
  11 goblins
  3 hobgoblins
  6 kobolds
  3 frilled lizards
  A goblin zombie (Ossuary)
  A hobgoblin zombie (Ossuary)
  2 kobold zombies (Ossuary)
  7 rats
90 creatures vanquished.

Notes
Turn   | Place    | Note
-------+----------+-------------------------------------------
     0 | D:1      | croobank the Demigod Transmuter began the quest for the
                  | Orb.
     0 | D:1      | Reached XP level 1. HP: 15/15 MP: 5/5
   468 | D:1      | Reached XP level 2. HP: 19/22 MP: 7/7
   471 | D:1      | Learned a level 2 spell: Wereblood
  1351 | D:2      | Reached XP level 3. HP: 11/27 MP: 9/9
  1355 | D:2      | Learned a level 3 spell: Spider Form
  1440 | D:2      | Reached skill level 1 in Short Blades
  1688 | D:2      | Reached skill level 1 in Stealth
  2017 | D:2      | Reached skill level 1 in Fighting
  2259 | D:2      | Reached XP level 4. HP: 32/35 MP: 8/10
  3278 | D:4      | Reached XP level 5. HP: 24/40 MP: 9/12
  3764 | D:4      | Noticed Eustachio
  4052 | D:5      | Entered Level 5 of the Dungeon
  4239 | D:5      | Noticed Blork the orc
  4249 | D:5      | Killed Blork the orc
  4416 | D:5      | Noticed a black bear
  4428 | D:5      | Killed a black bear
  4429 | D:5      | Reached XP level 6. HP: 13/47 MP: 10/13
  4664 | D:5      | Learned a level 4 spell: Cause Fear
  4700 | D:5      | Reached skill level 1 in Hexes
  5031 | D:6      | Found a sand-covered staircase.
  5040 | Ossuary  | Entered an ossuary
  5064 | Ossuary  | Reached skill level 2 in Hexes
  5263 | Ossuary  | Reached skill level 3 in Hexes
  5279 | Ossuary  | Reached XP level 7. HP: 31/52 MP: 15/15
  5495 | Ossuary  | Reached skill level 4 in Hexes
  5871 | Ossuary  | Reached skill level 5 in Hexes
  5915 | Ossuary  | Gained mutation: You do not regenerate when monsters are
                  | visible. [potion of mutation]
  5915 | Ossuary  | Gained mutation: Your mind is acute. (Int +2) [potion of
                  | mutation]
  5916 | Ossuary  | Lost mutation: Your mind is acute. (Int +2) [potion of
                  | mutation]
  5916 | Ossuary  | Lost mutation: You do not regenerate when monsters are
                  | visible. [potion of mutation]
  5916 | Ossuary  | Gained mutation: You passively dampen the noise of your
                  | surroundings. [potion of mutation]
  5916 | Ossuary  | Gained mutation: Your spells are a little easier to cast,
                  | but a little less powerful. [potion of mutation]
  5916 | Ossuary  | Gained mutation: You are partially covered in iridescent
                  | scales. (AC +2) [potion of mutation]
  5916 | Ossuary  | Gained mutation: You are somewhat resistant to further
                  | mutation. [potion of mutation]
  5916 | Ossuary  | HP: 2/78 [poisoned by a scorpion]
  5917 | Ossuary  | Lost mutation: You are somewhat resistant to further
                  | mutation. [potion of mutation]
  5917 | Ossuary  | Lost mutation: You passively dampen the noise of your
                  | surroundings. [potion of mutation]
  5917 | Ossuary  | Gained mutation: Your muscles are strong. (Str +2) [potion
                  | of mutation]
  5917 | Ossuary  | Gained mutation: You possess an exceptional clarity of
                  | mind. [potion of mutation]
  5917 | Ossuary  | Lost mutation: Your spells are a little easier to cast, but
                  | a little less powerful. [potion of mutation]
  5919 | Ossuary  | Succumbed to a scorpion's poison

Illustrated notes

Levels and vault maps discovered:
D:1:      sevenhm_arrival_forest_fort_large_4, layout_basic,
          shapermc_ecumenical_altar_mp_vishouse, minmay_tetromino_s2
D:2:      layout_basic, basic_altar, wad_orctagon
D:3:      layout_rooms, lemuel_round_altar
D:4:      layout_loops_corners, serial_co_window_serial, co_window_paths_a,
          co_window_paths_b, co_window_corner_a, co_window_of_opportunity_a,
          co_window_paths_a, co_window_2corner, co_window_2corner,
          co_window_of_opportunity_b, co_window_corner_cb, co_window_corner_b,
          co_window_2corner, co_window_4corner_b, glass_columns_c,
          glass_columns_a, uniq_eustachio
D:5:      layout_basic, tso_oasis_becter, mainiacjoe_overflow_alcove_2,
          uniq_blork_the_orc, uniq_crazy_yiuf_cottage
D:6:      lemuel_slime, layout_loops_ring, minmay_temple_entry_enclosed_plants,
          nicolae_ossuary_entry_ruins, minmay_fountain_box
Ossuary:  ossuary_minmay_scorpions

Skill      XL: |  1  2  3  4  5  6  7 |
---------------+----------------------+-----
Unarmed Combat | 3 |  3.1
Spellcasting   | 2 3 |  3.2
Transmutations | 2 3 |  3.1
Short Blades   | 1 2 |  2.9
Stealth        | 1 |  1.7
Fighting       | 1 |  1.5
Dodging        | 2 |  2.2
Hexes          | 3 5 |  5.1
Slings         | |  0.2
Poison Magic   | |  0.4

Action                   |  1- 3 |  4- 6 |  7- 9 || total
-------------------------+-------+-------+-------++-------
Melee: Unarmed           |    11 |    14 |     9 ||    34
       Short sword       |    77 |   124 |    78 ||   279
       Kick              |    14 |    29 |    15 ||    58
       Punch             |     1 |       |     4 ||     5
       Headbutt          |     7 |    13 |    10 ||    30
 Fire: Hunting sling     |       |     2 |       ||     2
 Cast: Beastly Appendage |    29 |    21 |     6 ||    56
       Wereblood         |     2 |     5 |       ||     7
       Spider Form       |       |     2 |     1 ||     3
  Use: Scroll            |       |     4 |     3 ||     7
       Potion            |       |       |     8 ||     8
 Stab: Sleeping          |     3 |       |       ||     3
Armor: Robe              |    16 |    38 |    24 ||    78
       Skin              |       |     1 |    26 ||    27
Dodge: Dodged            |    38 |   104 |    63 ||   205
